 Dungeon Crawl Stone Soup version 0.24-a0-619-gb7544fd237 (webtiles) character file.

Game seed: 1805776087168753333, levelgen mode: deterministic

14198 Engwar the Grappler (level 11, -6/101 HPs)
             Began as a Troll Artificer on Sept 18, 2019.
             Was a Priest of Ru.
             Mangled by an orc warrior
             ... wielding a +0 glaive
              (21 damage)
             ... on level 1 of the Orcish Mines.
             The game lasted 00:39:12 (10935 turns).

Engwar the Grappler (Troll Artificer)              Turns: 10935, Time: 00:39:13

Health: -6/101     AC: 16    Str: 23    XL:     11   Next: 85%
Magic:  10/10      EV: 12    Int:  8    God:    Ru [***...]
Gold:   895        SH:  0    Dex: 16    Spells: 10/10 levels left

rFire    . . .     SeeInvis +     - Unarmed
rCold    . . .     Gourm    +   (no shield)
rNeg     . . .     Faith    .   M - +3 troll leather armour
rPois    .         Spirit   .   H - +2 hat {SInv}
rElec    .         Reflect  .   e - +2 cloak {+Inv}
rCorr    .         Harm     .   (gloves unavailable)
MR       .....                  (boots unavailable)
Stlth    +.........             (no amulet)
HPRegen  1.06/turn              m - +1 ring of slaying
MPRegen  0.12/turn              y - +5 ring of dexterity

@: no status effects
A: large, unfitting armour, claws 3, fast metabolism 3, gourmand, low mp 1,
regeneration 1, screaming 1, shaggy fur 1, tough skin 3, no fire magic, no
translocations magic, no transmutations magic, unskilled 1
a: Draw Out Power, Renounce Religion, Evoke Invisibility


You were on level 1 of the Orcish Mines.
You worshipped Ru.
Ru was most pleased with you.
You were very full.

You visited 4 branches of the dungeon, and saw 16 of its levels.
You also visited: Ossuary.

You collected 895 gold pieces.

Inventory:

Missiles
 h - 335 stones
 n - 2 large rocks (quivered)
 r - 41 poisoned darts
 D - 6 atropa-tipped darts
Armour
 e - a +2 cloak of invisibility (worn)
 w - the +1 robe of Giutt {MR+}
   (You found it on level 5 of the Dungeon)

   It affects your resistance to hostile enchantments.
 H - a +2 hat of see invisible (worn)
 K - a +2 robe of fire resistance
 M - a +3 troll leather armour (worn)
Jewellery
 m - a +1 ring of slaying (left claw)
 y - a +5 ring of dexterity (right claw)
 I - an uncursed ring of positive energy
Wands
 c - a wand of flame (30)
 d - a wand of enslavement (14)
 q - a wand of polymorph (18)
 A - a wand of digging (10)
 B - a wand of scattershot (5)
 E - a wand of disintegration (25)
 G - a wand of acid (10)
 J - a wand of iceblast (8)
Scrolls
 a - 4 scrolls of teleportation
 g - 4 scrolls of identify
 l - 4 scrolls of enchant weapon
 p - 7 scrolls of remove curse
 v - a scroll of fear
 x - 2 scrolls of fog
Potions
 b - a potion of agility
 i - 6 potions of brilliance
 k - 5 potions of flight
 o - a potion of resistance
 t - 3 potions of curing
 u - 5 potions of lignification
 z - a potion of invisibility
 C - a potion of heal wounds
 F - a potion of might
Comestibles
 f - 24 rations


   Skills:
 - Level 4.5 Fighting
   Level 0.6 Short Blades
 - Level 4.5 Throwing
 + Level 2.6 Armour
 - Level 5.0 Dodging
 - Level 0.3 Stealth
 + Level 13.9 Unarmed Combat
 - Level 2.0 Evocations


You had 10 spell levels left.
You didn't know any spells.
Your spell library contained the following spells:

 Spells                   Type           Power        Failure   Level  Hunger
 Magic Dart               Conj           #...         45%         1    ##.....
 Summon Small Mammal      Summ           #...         45%         1    ##.....
 Call Imp                 Summ           #.......     58%         2    ###....
 Slow                     Hex            #.......     58%         2    ###....
 Call Canine Familiar     Summ           #.......     83%         3    ####...
 Mephitic Cloud           Conj/Pois/Air  #.......     83%         3    ####...
 Summon Guardian Golem    Hex/Summ       #.......     83%         3    ####...
 Summon Ice Beast         Ice/Summ       #.......     99%         4    #####..
 Summon Lightning Spire   Summ/Air       #.......     99%         4    #####..
 Flame Tongue             Conj/Fire      Unusable     N/A         1    N/A
 Blink                    Tloc           Unusable     N/A         2    N/A
 Throw Flame              Conj/Fire      Unusable     N/A         2    N/A
 Conjure Flame            Conj/Fire      Unusable     N/A         3    N/A
 Inner Flame              Hex/Fire       Unusable     N/A         3    N/A
 Sticky Flame             Conj/Fire      Unusable     N/A         4    N/A
 Fireball                 Conj/Fire      Unusable     N/A         5    N/A

Dungeon Overview and Level Annotations

Branches:
Dungeon (12/15)            Temple (1/1) D:5            Lair (2/6) D:9
    Orc (1/2) D:11        Ossuary (visited)
  Swamp: Lair:2-4    Shoals: Lair:2-4     Snake: Lair:2-4    Spider: Lair:2-4

Altars:
Ashenzari
Dithmenos
Fedhas
Gozag
Nemelex Xobeh
Qazlal
Ru
Sif Muna
Yredelemnul
The Shining One

Shops:
D:8 [   D:12 %:


Innate Abilities, Weirdness & Mutations

You are too large for most types of armour.
You have claws for hands.
Your metabolism is lightning-fast.
You like to eat raw meat.
Your magical capacity is low. (-10% MP)
Your natural rate of healing is unusually fast.
You occasionally shout uncontrollably at your foes.
You are covered in fur. (AC +1)
You have extremely tough skin. (AC +3)
You cannot study or cast Fire magic.
You cannot study or cast Translocations magic.
You cannot study or cast Transmutations magic.
You are somewhat unskilled. (-1 Apt)


Message History

The orc warrior hits you but does no damage.
You see here a +0 giant club.
You barely miss the troll.
The troll is heavily wounded.
The troll misses you. The troll claws you but does no damage.
The troll barely misses you.
The orc priest looks encouraged for a moment.
The orc wizard casts a spell at you.
The magic dart hits you but does no damage.
Unknown command.
Unknown command.
You barely miss the troll.
The troll is heavily wounded.
The troll bites you!
* * * LOW HITPOINT WARNING * * *
You focus your will and illuminate the troll in retribution!
The troll closely misses you. The troll claws you.
* * * LOW HITPOINT WARNING * * *
The orc warrior hits you from afar with a +0 glaive!!
You die...

... ## ... ...##. ... .
...... ##..^# .. ##
....#.#... ...##.#
..#.#.. ## . .......
#...# ..#... .......
###...####......
#.....$##)......#.......
......oT@........##....#
....##.o...#......#...#
. ...o...###......#
#.###..#####.....# ..
.......#.....####### #.
#............##...#.# #
.....#.......##......
...###......#.......#
...........#....


You could see a troll, an orc warrior, an orc priest and an orc wizard.

Vanquished Creatures
  Harold (D:8)
  A two-headed ogre (D:9)
  A skeletal warrior (D:11)
  An unseen horror (D:12)
  2 ugly things
  Psyche (D:11)
  A black mamba (Lair:2)
  A rime drake (Lair:1)
  4 trolls
  4 hippogriffs
  A wraith (D:11)
  A basilisk (Lair:1)
  6 yaks
  A human (D:10)
  Eustachio (D:3)
  A steam dragon (D:10)
  A hungry ghost (D:10)
  Menkaure (D:6)
  3 water moccasins (Lair:1)
  Duvessa (D:4)
  A porcupine (Lair:1)
  2 black bears (D:10)
  3 orc warriors
  A hornet zombie (D:11)
  3 sky beasts
  5 ogres
  A phantom (D:10)
  3 eyes of draining
  A wolf (Lair:1)
  A crocodile (Lair:1)
  2 centaurs
  A big kobold (D:12)
  6 bullfrogs
  A wyvern skeleton (D:12)
  Dowan (D:4)
  12 scorpions
  A water moccasin skeleton (D:7)
  10 killer bees
  14 wights
  7 howler monkeys
  2 electric eels (Lair:1)
  3 crimson imps
  A bullfrog zombie (D:5)
  A quasit (D:11)
  2 centaur zombies
  4 hounds
  4 jellies
  4 orc priests
  4 bullfrog skeletons
  3 iguanas
  17 orc wizards
  7 worker ants
  A killer bee zombie (D:6)
  3 big kobold zombies (Ossuary)
  2 hound zombies
  A worker ant zombie (D:11)
  3 mummies (Ossuary)
  8 gnolls
  4 scorpion zombies (Ossuary)
  11 adders
  2 shadow imps
  An ooze (D:1)
  An adder skeleton (D:9)
  3 worms
  2 dart slugs
  6 leopard geckos
  49 orcs
  5 giant cockroaches
  2 gnoll zombies (Ossuary)
  5 goblins
  4 hobgoblins
  13 jackals
  7 quokkas
  2 ball pythons
  6 bats
  5 frilled lizards
  A goblin zombie (Ossuary)
  9 kobolds
  A kobold zombie (Ossuary)
  A leopard gecko skeleton (D:5)
  A leopard gecko zombie (D:5)
  An orc zombie (Ossuary)
  A quokka zombie (D:8)
  3 rats
326 creatures vanquished.

Vanquished Creatures (others)
  A killer bee (D:11)
1 creature vanquished.

Grand Total: 327 creatures vanquished

Notes
Turn   | Place    | Note
-------+----------+-------------------------------------------
     0 | D:1      | Engwar the Troll Artificer began the quest for the Orb.
     0 | D:1      | Reached XP level 1. HP: 18/18 MP: 1/1
    93 | D:1      | Reached skill level 1 in Unarmed Combat
    97 | D:1      | Reached XP level 2. HP: 26/26 MP: 2/2
   337 | D:1      | Reached skill level 2 in Unarmed Combat
   618 | D:2      | Reached XP level 3. HP: 32/32 MP: 3/3
   886 | D:2      | Reached skill level 3 in Unarmed Combat
  1533 | D:3      | Reached XP level 4. HP: 40/40 MP: 4/4
  1677 | D:3      | Reached skill level 4 in Unarmed Combat
  1915 | D:3      | Found an opulent altar of Gozag.
  2200 | D:3      | Reached XP level 5. HP: 46/46 MP: 5/5
  2222 | D:4      | Noticed an ogre
  2227 | D:3      | Killed an ogre
  2227 | D:3      | Reached skill level 5 in Unarmed Combat
  2257 | D:4      | Noticed Eustachio
  2286 | D:3      | Killed Eustachio
  2286 | D:3      | Reached skill level 6 in Unarmed Combat
  2286 | D:3      | Reached XP level 6. HP: 22/54 MP: 6/6
  2347 | D:4      | Noticed Duvessa
  2518 | D:3      | Found a shattered altar of Ashenzari.
  2532 | D:4      | Noticed Dowan
  2626 | D:4      | Killed Dowan
  2626 | D:4      | Reached skill level 7 in Unarmed Combat
  2631 | D:4      | HP: 2/54 [Duvessa/+0 short sword (9)]
  2632 | D:4      | Killed Duvessa
  2632 | D:4      | Reached XP level 7. HP: 2/61 MP: 7/7
  3151 | D:5      | Entered Level 5 of the Dungeon
  3182 | D:5      | Got a shimmering robe
  3193 | D:5      | Identified the cursed +1 robe of Giutt {MR+} (You found it
                  | on level 5 of the Dungeon)
  3412 | D:5      | Reached skill level 8 in Unarmed Combat
  3521 | D:5      | Found a staircase to the Ecumenical Temple.
  3554 | Temple   | Entered the Ecumenical Temple
  3567 | Temple   | Became a worshipper of Ru the Awakened
  3681 | D:5      | Found a shimmering blue altar of Sif Muna.
  3997 | D:6      | Noticed Menkaure
  4056 | D:6      | Killed Menkaure
  4105 | D:6      | Reached skill level 1 in Fighting
  4105 | D:6      | Reached skill level 9 in Unarmed Combat
  4129 | D:6      | Reached XP level 8. HP: 70/70 MP: 8/8
  4151 | D:6      | Noticed a hippogriff
  4160 | D:6      | Killed a hippogriff
  4408 | D:6      | Gained mutation: Your magical capacity is low. (-10% MP)
                  | [Ru sacrifice]
  4642 | D:6      | Reached skill level 10 in Unarmed Combat
  4646 | D:6      | Noticed a hippogriff
  4655 | D:6      | Killed a hippogriff
  4717 | D:6      | Reached XP level 9. HP: 76/85 MP: 8/8
  5051 | D:7      | Found a shimmering blue altar of Sif Muna.
  5079 | D:7      | Reached skill level 5 in Fighting
  5206 | D:7      | Found a shadowy altar of Dithmenos.
  5309 | D:7      | Reached skill level 11 in Unarmed Combat
  5537 | D:8      | Found Fomywaor's Antique Armour Shoppe.
  5673 | D:8      | Reached skill level 1 in Throwing
  5754 | D:8      | Found a sparkling altar of Nemelex Xobeh.
  5868 | D:8      | Found a sand-covered staircase.
  5868 | D:8      | Noticed Harold
  5880 | D:8      | Killed Harold
  5964 | Ossuary  | Entered an ossuary
  6000 | Ossuary  | Gained mutation: You cannot study or cast Fire magic. [Ru
                  | sacrifice]
  6000 | Ossuary  | Gained mutation: You cannot study or cast Transmutations
                  | magic. [Ru sacrifice]
  6000 | Ossuary  | Gained mutation: You cannot study or cast Translocations
                  | magic. [Ru sacrifice]
  6000 | Ossuary  | Reached * piety under Ru
  6083 | Ossuary  | Reached XP level 10. HP: 83/96 MP: 9/9
  6194 | Ossuary  | Reached skill level 12 in Unarmed Combat
  6733 | D:9      | Found a staircase to the Lair.
  6800 | D:9      | Found a shadowy altar of Dithmenos.
  6890 | D:9      | Reached skill level 5 in Throwing
  6946 | D:9      | Found a stormy altar of Qazlal.
  7135 | D:9      | Noticed a two-headed ogre
  7142 | D:9      | Killed a two-headed ogre
  7400 | D:9      | Identified a scroll of acquirement
  7616 | D:10     | Entered Level 10 of the Dungeon
  7734 | D:10     | Reached skill level 13 in Unarmed Combat
  7962 | D:10     | Gained mutation: You occasionally shout uncontrollably at
                  | your foes. [Ru sacrifice]
  7962 | D:10     | Reached ** piety under Ru
  8671 | D:11     | Noticed a skeletal warrior
  8673 | D:11     | Noticed a death knight
  8675 | D:11     | Noticed a skeletal warrior
  8677 | D:11     | Noticed a phantasmal warrior
  8755 | D:11     | Noticed Psyche
  8931 | Lair:1   | Entered Level 1 of the Lair of Beasts
  8949 | Lair:1   | Reached XP level 11. HP: 74/102 MP: 10/10
  9081 | Lair:1   | Reached skill level 14 in Unarmed Combat
  9269 | Lair:1   | Gained mutation: You are somewhat unskilled. (-1 Apt) [Ru
                  | sacrifice]
  9269 | Lair:1   | Reduced skill Unarmed Combat to level 13
  9269 | Lair:1   | Reached *** piety under Ru
  9900 | D:11     | Killed Psyche
  9965 | D:11     | Noticed a cyan ugly thing
 10030 | D:11     | Killed a cyan ugly thing
 10235 | D:11     | Killed a skeletal warrior
 10235 | D:11     | Reached skill level 5 in Dodging
 10254 | D:11     | Found a staircase to the Orcish Mines.
 10512 | D:12     | Noticed a six-headed hydra
 10539 | D:12     | Reached skill level 1 in Armour
 10637 | D:12     | Found Rochutuf's Book Emporium.
 10655 | D:12     | Noticed a white ugly thing
 10657 | D:12     | Noticed an unseen horror
 10665 | D:12     | Killed an unseen horror
 10674 | D:12     | Killed a white ugly thing
 10789 | D:12     | Found Reizuik's Food Shop.
 10855 | Orc:1    | Entered Level 1 of the Orcish Mines
 10935 | Orc:1    | Mangled by an orc warrior

Levels and vault maps discovered:
D:1:      dpeg_arrival_rhombi, layout_rooms
D:2:      cheibrodos_old_hovel, layout_loops_corners
D:3:      layout_loops_cross, nicolae_overflow_hidden_temple, first_ration
D:4:      layout_layer_cave, serial_bayou_pond_d, uniq_eustachio, uniq_duvessa
D:5:      layout_layer_cave, lemuel_crystal_altar,
          minmay_temple_entry_statues_fountains
D:6:      minmay_chambers_of_sixes, layout_basic, uniq_menkaure
D:7:      kennysheep_orc_sif_temple, layout_rooms, basic_altar
D:8:      layout_basic, overflow_temple_1_default, nicolae_ossuary_entry_plus,
          serial_shops, shop, uniq_harold
D:9:      layout_irregular_city, nicolae_overflow_crystal_walls,
          lemuel_doored_altar, lair_entry_dummy
D:10:     layout_irregular_city, grunt_pizzeria
D:11:     layout_long_grid, orc_0_dummy, uniq_psyche
D:12:     layout_cave_pods, serial_shops, shop, nicolae_shop_waterfront,
          nicolae_shop_waterfront, minmay_shop_chei, hangedman_incinerator,
          uniq_maurice
Temple:   regret_index_temple_sphere_string
Lair:1:   layout_regular_city, st_stairs_8, disabler_island
Lair:2:   layout_regular_city, guppyfry_snake_entry_island, lemuel_fruit_fields,
          grunt_megastairs_5, lemuel_fruit_tree, lemuel_fruit_fields
Orc:1:    layout_diamond_mine, uniq_snorg, uniq_josephine, uniq_fannar

Skill      XL: |  1  2  3  4  5  6  7  8  9 10 11 |
---------------+----------------------------------+-----
Unarmed Combat | 1 2 3 4 6 7 9 10 11 13 13 | 13.9
Fighting       | 1 4 5 4 |  4.5
Throwing       | 4 5 4 |  4.5
Dodging        | 3 5 |  5.0
Armour         | 2 |  2.6
Short Blades   | |  0.6
Stealth        | |  0.3
Evocations     | |  2.0

Action                   |  1- 3 |  4- 6 |  7- 9 | 10-12 || total
-------------------------+-------+-------+-------+-------++-------
Melee: Unarmed           |   102 |   113 |   321 |   456 ||   992
       Punch             |       |     3 |    12 |    24 ||    39
Throw: Dart              |       |       |       |     8 ||     8
       Large rock        |       |       |       |     4 ||     4
Invok: Sacrifice Essence |       |       |     1 |       ||     1
       Sacrifice Arcana  |       |       |     1 |       ||     1
       Sacrifice Purity  |       |       |       |     1 ||     1
       Sacrifice Skill   |       |       |       |     1 ||     1
Evoke: Wand              |       |     1 |       |     1 ||     2
  Use: Scroll            |     5 |       |    11 |    16 ||    32
 Stab: Distracted        |       |       |       |     1 ||     1
       Invisible         |       |       |       |     2 ||     2
  Eat: Chunk             |    15 |    10 |    36 |    49 ||   110
Armor: Robe              |    52 |    34 |   146 |   135 ||   367
       Troll leather arm |       |       |       |    60 ||    60
Dodge: Dodged            |    51 |    58 |   110 |   222 ||   441

Table legend:
 A = Non-vault XP
 B = Vault XP
 C = Vault XP percentage of total XP
 D = Non-vault monster count
 E = Vault monster count
 F = Vault count percentage of total count
                 A         B        C        D         E       F
            +---------+---------+-------+---------+---------+-------
      Total |   15824 |    4459 |  22.0 |     281 |      45 |  13.8
            +---------+---------+-------+---------+---------+-------
        D:1 |      22 |       0 |   0.0 |      12 |       0 |   0.0
        D:2 |      66 |       2 |   2.9 |      22 |       1 |   4.3
        D:3 |     319 |     197 |  38.2 |      34 |       1 |   2.9
        D:4 |      80 |     208 |  72.2 |      10 |       2 |  16.7
        D:5 |     237 |       0 |   0.0 |      21 |       0 |   0.0
        D:6 |     993 |     858 |  46.4 |      23 |       6 |  20.7
        D:7 |     563 |     213 |  27.4 |      19 |       3 |  13.6
        D:8 |     612 |     976 |  61.5 |      18 |       1 |   5.3
        D:9 |    1858 |       0 |   0.0 |      19 |       0 |   0.0
       D:10 |    2121 |     200 |   8.6 |      31 |       1 |   3.1
       D:11 |    3272 |     463 |  12.4 |      40 |       1 |   2.4
       D:12 |    2365 |       0 |   0.0 |      15 |       0 |   0.0
     Lair:1 |    2472 |     515 |  17.2 |      13 |       5 |  27.8
     Lair:2 |     436 |       0 |   0.0 |       1 |       0 |   0.0
      Orc:1 |     408 |       0 |   0.0 |       3 |       0 |   0.0
    Ossuary |       0 |     827 | 100.0 |       0 |      24 | 100.0
            +---------+---------+-------+---------+---------+-------
